 Dungeon Crawl Stone Soup version 0.31-a0-193-gdfe2569204 (webtiles) character file.

Game seed: 11105163224854639668

27 qw the Shooter (level 2, -2/16 HPs)
             Began as a Deep Elf Hunter on June 24, 2023.
             Slain by a goblin
             ... wielding a +0 club
              (4 damage)
             ... on level 2 of the Dungeon.
             The game lasted 00:00:15 (912 turns).

qw the Shooter (Deep Elf Hunter)                     Turns: 912, Time: 00:00:15

Health: -2/16      AC:  5    Str:  8    XL:     2   Next: 93%
Magic:  4/4        EV: 10    Int: 13    God:
Gold:   90         SH:  0    Dex: 18    Spells: 1/1 levels left

rFire   . . .        Y - +0 shortbow
rCold   . . .        (shield currently unavailable)
rNeg    . . .        e - +0 ring mail
rPois   .            (no helmet)
rElec   .            (no cloak)
rCorr   .            (no gloves)
SInv    .            (no boots)
Will    .....        (no amulet)
Stlth   +            (no ring)
HPRegen 0.22/turn    (no ring)
MPRegen 0.09/turn

%: no passive effects
@: no status effects
A: no striking features
a: no special abilities


You were on level 2 of the Dungeon.
You visited 1 branch of the dungeon, and saw 2 of its levels.

You collected 90 gold pieces.


   Skills:
 - Level 1.5 Fighting
 + Level 6.6 Ranged Weapons
 - Level 2.4 Dodging
 - Level 1.2 Stealth


You had one spell level left.
You didn't know any spells.
Your spell library was empty.

Inventory:

Hand Weapons
 Y - a +0 shortbow (weapon)
Armour
 e - a +0 ring mail (worn)
Scrolls
 f - a scroll of teleportation

Dungeon Overview and Level Annotations

Branches:
Dungeon (2/15)

Altars:

Annotations:
D:2 Natasha


Message History

815 ||| DROPPING scroll of butterflies.
You drop a scroll of butterflies.
Done exploring.
(D) Dungeon
Where to? (* - list waypoints, ? - help)
What level of the Dungeon? (default 1, ? - help)
There is a stone staircase leading down here.
You climb downwards.
There is a stone staircase leading up here.
Waypoint 1 assigned to D:2.
You now have 83 gold pieces (gained 16).
Found an escape hatch in the ceiling.
You now have 90 gold pieces (gained 7).
A rat comes into view.
You shoot an arrow. The arrow hits the rat.
The rat is severely wounded.
You hear a shout!
Natasha, Servant of Life and Death comes into view.
You shoot an arrow. The arrow barely misses Natasha.
You shoot an arrow. The arrow completely misses Natasha.
Natasha claws you!
A goblin comes into view. It is wielding a +0 club.
Natasha mumbles some strange words.
You shoot an arrow. The arrow barely misses Natasha.
The goblin hits you but does no damage. Natasha casts a spell at you.
The magic dart hits you. The cerulean imp barely misses you.
The goblin barely misses you.
You shoot an arrow.
The arrow hits Natasha but does no damage.
Natasha barely misses you.
The cerulean imp hits you from afar with a +1 spear.
The goblin closely misses you.
You shoot an arrow. The arrow hits Natasha.
Natasha is moderately wounded.
Natasha claws you but does no damage. The cerulean imp closely misses you.
The goblin closely misses you.
You shoot an arrow. The arrow closely misses Natasha.
Natasha claws you. The cerulean imp barely misses you.
The goblin hits you with a +0 club.
You die...

##.# ### ....
..# ..... #.#
..... #.#
......#.#
......#.#####
.....rg.h5..#
#@# #.# #.#
.# #.# #.#
#.# #.# #.#
#.# #.# #.#
#.# #.#
#.######.##


You could see Natasha, a cerulean imp (summoned), a goblin and a rat.

Vanquished Creatures
  2 dart slugs (D:1)
  A bat (D:1)
  2 endoplasms (D:1)
  A giant cockroach (D:1)
  A goblin (D:1)
  2 hobgoblins (D:1)
  3 jackals (D:1)
  2 ball pythons (D:1)
  A frilled lizard (D:1)
  3 kobolds (D:1)
  2 rats (D:1)
20 creatures vanquished.

Notes
Turn   | Place    | Note
-------+----------+-------------------------------------------
     0 | D:1      | qw the Deep Elf Hunter began the quest for the Orb.
     0 | D:1      | Reached XP level 1. HP: 12/12 MP: 3/3
     0 | D:1      | 0 ||| qw: Version: 0.3-a-9-g12657ce
     0 | D:1      | 0 ||| qw: Game counter: 4656
     0 | D:1      | 0 ||| qw: Always use a shield: true
     0 | D:1      | 0 ||| qw: God list: Okawaru
     0 | D:1      | 0 ||| qw: Allow faded altars: false
     0 | D:1      | 0 ||| qw: Do Orc after D:15 true
     0 | D:1      | 0 ||| qw: Do second Lair branch before Depths: true
     0 | D:1      | 0 ||| qw: Lair rune preference: random
     0 | D:1      | 0 ||| qw: Plans: Normal
     0 | D:1      | 0 ||| PLANNING D:1-11
   243 | D:1      | Reached XP level 2. HP: 16/16 MP: 4/4
   248 | D:1      | Reached skill level 6 in Ranged Weapons
   799 | D:1      | 799 ||| UPGRADING to +0 ring mail.
   809 | D:1      | 809 ||| DROPPING +0 leather armour.
   810 | D:1      | 810 ||| READING scroll labelled VEYKKI DOA.
   811 | D:1      | 811 ||| READING 2 scrolls labelled MIT OZUTENI.
   815 | D:1      | 815 ||| DROPPING scroll of butterflies.
   906 | D:2      | Noticed Natasha
   912 | D:2      | HP: 2/16 [Natasha (4)]
   912 | D:2      | Slain by a goblin

Levels and vault maps discovered:
D:1:      giann_forest_graveyard, layout_loops_corners, nrook_campfire,
          minmay_unequal
D:2:      layout_basic, basic_altar, dilly_ecumenical_altar_fadedgnrine,
          uniq_terence, uniq_natasha, uniq_jessica

Skill      XL: |  1  2 |
---------------+-------+-----
Ranged Weapons | 6 |  6.6
Fighting       | |  1.5
Dodging        | |  2.4
Stealth        | |  1.2

Action                     || total
---------------------------++-------
   Fire: Shortbow          ||    55
    Use: Scroll            ||     2
 Armour: Leather armour    ||     6
         Ring mail         ||     2
  Dodge: Dodged            ||    19

Table legend:
 A = Non-vault XP
 B = Vault XP
 C = Vault XP percentage of total XP
 D = Non-vault monster count
 E = Vault monster count
 F = Vault count percentage of total count
                 A         B        C        D         E       F
            +---------+---------+-------+---------+---------+-------
      Total |      32 |       7 |  17.9 |      16 |       4 |  20.0
            +---------+---------+-------+---------+---------+-------
        D:1 |      32 |       7 |  17.9 |      16 |       4 |  20.0
            +---------+---------+-------+---------+---------+-------
